 Dungeon Crawl Stone Soup version 0.18.1-48-g4cf74bf (webtiles) character file.

541576 TheStormblessed the Slayer (level 24, -9/486 HPs)
             Began as a Minotaur Berserker on June 27, 2016.
             Was an Elder of Trog.
             Mangled by an Orb Guardian (34 damage)
             ... on level 4 of the Realm of Zot on June 28, 2016.
             The game lasted 06:47:51 (73421 turns).

TheStormblessed the Slayer (Minotaur Berserker)    Turns: 73421, Time: 06:47:51

Health: -9/486     AC: 40    Str: 31    XL:     24   Next: 76%
Magic:  24/24      EV:  2    Int:  2    God:    Trog [****..]
Gold:   2162       SH: 19    Dex: 20    Spells: 0 memorised, 23 levels left

rFire  + + .     SeeInvis .     Q - +9 demon whip (protect)
rCold  + . .     Gourm    .     (armour currently unavailable)
rNeg   + + +     Faith    .     V - +1 shield {AC+3}
rPois  +         Spirit   .     (helmet currently unavailable)
rElec  +         Dismiss  .     (cloak currently unavailable)
rCorr  +         Reflect  .     (gloves currently unavailable)
SustAt .         Harm     .     (boots currently unavailable)
MR     +++..     NoTele   +     (no amulet)
Stlth  ..........               l - ring "Temnuo" {Wiz +Inv Dex+4}
                                K - ring of protection from fire

@: mighty, berserking, tree-form, resistant, very slightly contaminated,
regenerating, hasted, very quick, extremely resistant to hostile enchantments,
extremely unstealthy
A: (retaliatory headbutt), (horns 0), (thin metallic scales 0), clumsy 1,
(deformed body), dopey 1, frail 1
a: Berserk, Trog's Hand, Brothers in Arms, Burn Spellbooks, Renounce Religion,
Evoke Invisibility
}: 3/15 runes: decaying, serpentine, silver


You were on level 4 of the Realm of Zot.
You worshipped Trog.
Trog was greatly pleased with you.
You were full.
You were a tree.
You visited 8 branches of the dungeon, and saw 48 of its levels.
You visited the Abyss 1 time.
You also visited: Ice Cave.

You collected 8293 gold pieces.
You spent 6131 gold pieces at shops.

Inventory:

Hand Weapons
 a - a +4 war axe of flaming
 Q - a +9 demon whip of protection (weapon)
Missiles
 o - 5 javelins of penetration (quivered)
Armour
 e - a +2 pair of boots of running (melded)
 C - a +1 cloak (melded)
 D - a +10 plate armour of magic resistance (melded)
 U - a +1 pair of gloves (melded)
 V - a +1 shield of protection (worn)
Jewellery
 b - an uncursed ring of flight
 l - the ring "Temnuo" (right branch) {Wiz +Inv Dex+4}
   (You bought it in a shop on level 2 of the Orcish Mines)

   [ring of wizardry]

   It improves your spell success rate.
   It affects your dexterity (+4).
   It lets you turn invisible.
 r - an uncursed ring of poison resistance
 G - an uncursed ring of protection from cold
 H - a +3 ring of dexterity
 K - a ring of protection from fire (left branch)
 N - an uncursed ring of resist corrosion
 R - an uncursed ring of stealth
 X - an uncursed ring of positive energy
Wands
 z - a wand of digging (19/24)
 L - a wand of lightning (8/15)
 P - a wand of disintegration (14/24)
 T - a wand of iceblast (2/15)
Scrolls
 d - 4 scrolls of magic mapping
 g - 16 scrolls of remove curse
 j - 8 scrolls of teleportation
 k - 13 scrolls of identify
 p - a scroll of fog
 s - 5 scrolls of recharging
 t - 2 scrolls of brand weapon
 x - 3 scrolls of enchant weapon
 I - 5 scrolls of summoning
 S - a scroll of enchant armour
 W - 6 scrolls of fear
Potions
 n - 4 potions of might
 q - 12 potions of agility
 u - a potion of cancellation
 A - 8 potions of cure mutation
 B - 3 potions of flight
 O - 4 potions of lignification
Comestibles
 c - 19 bread rations
 i - 24 meat rations
 w - a royal jelly
 F - 5 fruits


   Skills:
 + Level 24.9 Fighting
 - Level 14.9(15.6) Axes
 - Level 8.6(12.8) Maces & Flails
 + Level 24.7 Armour
 + Level 23.2 Dodging
 - Level 20.2 Shields
 - Level 3.2 Evocations


You had 23 spell levels left.
You didn't know any spells.

Dungeon Overview and Level Annotations

Branches:
Dungeon (15/15)            Temple (0/1) D:6            Lair (8/8) D:8
  Swamp (4/4) Lair:6        Snake (4/4) Lair:6        Slime (0/6) Lair:6
    Orc (2/2) D:12            Elf (0/3) Orc:2        Vaults (5/5) D:13
  Crypt (0/3) Vaults:2     Depths (5/5) D:15            Zot (5/5) Depths:5

Altars:
Ashenzari
Dithmenos
Elyvilon
Fedhas
Gozag
Kikubaaqudgha
Nemelex Xobeh
Pakellas
Ru
Vehumet
Xom
The Shining One
Beogh

Shops:
D:14 !   Orc:2 [=*(   Snake:3 ?   Vaults:1 ?   Vaults:4 *[*   Vaults:5 [
Depths:2 *   Depths:4 [}}%   Depths:5 }

Portals:
Hell: Depths:1 Depths:2 Depths:3 Depths:4 Depths:5
Abyss: Depths:1 Depths:3 Depths:4 Depths:5
Pandemonium: Depths:3 Depths:4
Ziggurat: Depths:2
Trove: D:10 (give wand of hasting (9))

Annotations:
Lair:1 exclusion: oklob plant


Innate Abilities, Weirdness & Mutations

((You reflexively headbutt those who attack you in melee.))
((You have a pair of horns on your head.))
((You are partially covered in thin metallic scales (AC +2).))
You are clumsy. (Dex -2)
((Armour fits poorly on your strangely shaped body.))
You are dopey. (Int -2)
You are frail (-10% HP).


Message History

* * * LOW HITPOINT WARNING * * *
Your ogre closely misses the Orb Guardian.
You thrash the Orb Guardian!!
The Orb Guardian is severely wounded.
The Orb Guardian hits you but does no damage.
You block the Orb Guardian's attack.
You whack the Orb Guardian!
The Orb Guardian is severely wounded.
You block the Orb Guardian's attack.
You whack the Orb Guardian!
The Orb Guardian is almost dead.
You block the Orb Guardian's attack.
Your ogre hits the Orb Guardian but does no damage.
The Orb Guardian hits you but does no damage.
You whack the Orb Guardian!
The Orb Guardian is almost dead.
The Orb Guardian hits you.
* * * LOW HITPOINT WARNING * * *
The Orb Guardian hits you!!
You die...

#....# .##.......####
##....### #...######..
#.....#.# #...##..#...
#......# #...#......#
##......# #....#...###
#...#...# #.....##..#
#...#...####......#..##
##..##.....##...........
#...##X♣O...............
#...##.XX*..............
#...##......[...........
#..###..................
#..# #..#...............
#..# #..#.........##...#
#.<# #..#.........# ...#
#..# #..#........## ....
#..# #..#........#


You could see an orb of fire, 3 Orb Guardians and a friendly ogre (berserk).

Vanquished Creatures
  An ancient lich (Zot:4)
  Mara (Vaults:4)
  Saint Roka (Vaults:2)
  A curse toe (Zot:3)
  A bone dragon (Depths:5)
  the Enchantress (Depths:5)
  An electric golem (Zot:3)
  An Ice Fiend (IceCv)
  11 Orb Guardians
  8 tentacled monstrosities
  3 liches
  A quicksilver dragon (Depths:2)
  4 titans
  A tentacled starspawn (Abyss:3)
  3 death cobs
  6 sphinxes
  Frances (D:13)
  4 storm dragons
  2 thorn hunters
  2 shadow dragons
  3 tengu reavers
  3 draconian monks
  5 greater nagas
  An azure jelly (shapeshifter) (Vaults:4)
  An azure jelly (Swamp:4)
  Maud (Orc:2)
  12 frost giants
  2 ghost moths
  18 vault wardens
  An orc warlord (Orc:1)
  A fire giant (Depths:4)
  3 deep elf sorcerers
  Louise (Depths:3)
  2 draconian zealots (Zot:1)
  2 iron dragons
  2 draconian shifters (Depths:5)
  A ghoul (Vaults:1)
  A deep elf elementalist (Depths:2)
  25 ironheart preservers
  2 draconian annihilators
  19 stone giants
  10 very ugly things
  4 spriggan defenders
  A lorocyproca (Depths:4)
  Nessos (Lair:8)
  2 deep elf demonologists
  3 yellow draconians
  2 deep elf annihilators
  A dire elephant (Abyss:3)
  3 green draconians
  6 red draconians
  2 black draconians
  5 purple draconians
  A salamander stormcaller (Vaults:5)
  2 spark wasps (Depths:1)
  3 mottled draconians
  3 white draconians
  A deep elf death mage (Vaults:2)
  A crystal guardian (Vaults:4)
  20 ettins
  Snorg (Lair:8)
  15 fire dragons
  6 great orbs of eyes
  47 vault guards
  A merfolk impaler (D:15)
  3 jiangshi
  13 yaktaur captains
  An entropy weaver (D:15)
  Harold (D:12)
  3 deep elf high priests
  3 rakshasas
  Erolcha (D:12)
  20 hydras
  A monstrous demonspawn (Depths:3)
  A ghost crab (shapeshifter) (Vaults:5)
  A catoblepas (Lair:5)
  4 anacondas
  A ghost crab (Swamp:4)
  14 naga warriors
  3 spriggan air magi
  Erica (D:8)
  13 ice dragons
  9 centaur warriors
  A death yak (shapeshifter) (Vaults:5)
  14 deep troll shamans
  18 ogre magi
  A dancing weapon (Vaults:5)
  3 alligators
  2 vampire magi
  A death knight (Vaults:2)
  The ghost of Spacey the Destroyer, a journeyman HEWz of Sif Muna (Orc:1)
  10 death yaks
  An orc high priest (Orc:2)
  8 deep troll earth magi
  2 tengu warriors
  12 naga sharpshooters
  3 spriggan berserkers
  A shock serpent (Snake:4)
  11 deep elf knights
  A soul eater (Depths:3)
  A wretched star (Abyss:3)
  2 fire crabs
  Sonja (D:14)
  A shadow wraith (Vaults:4)
  5 iron trolls
  A hell knight (Depths:2)
  4 unseen horrors
  2 salamander mystics
  6 skeletal warriors
  A golden dragon zombie (Depths:3)
  2 sea snakes (Snake:1)
  A death drake (shapeshifter) (Vaults:5)
  2 spriggan druids
  34 deep trolls
  4 giant orange brains
  3 deep elf archers
  2 swamp dragons (Swamp:3)
  A putrid demonspawn (Depths:4)
  A shambling mangrove (Swamp:1)
  2 flayed ghosts
  A torturous demonspawn (Depths:4)
  A tengu zombie (Vaults:4)
  4 phantasmal warriors
  The ghost of Selleri the Ducker, a novice DDHu (D:9)
  2 lindwurms (Lair:8)
  Pikel (D:8)
  6 griffons
  24 orc knights
  8 hill giants
  5 necromancers
  27 ironbrand convokers
  A sphinx zombie (Vaults:2)
  4 naga ritualists
  7 wolf spiders
  10 orc sorcerers
  7 mana vipers
  14 deep elf magi
  6 hornets
  6 moths of wrath
  7 cyclopes
  4 wizards
  31 ugly things
  9 salamanders
  A stone giant zombie (Vaults:4)
  A moth of wrath (shapeshifter) (Vaults:4)
  A frost giant zombie (Depths:3)
  A sphinx skeleton (Depths:3)
  A stone giant skeleton (Depths:1)
  2 guardian serpents (shapeshifter)
  2 fire giant skeletons
  3 worldbinders (Abyss:3)
  32 black mambas
  13 elephants
  16 vault sentinels
  27 naga magi
  An elephant (shapeshifter) (Depths:2)
  2 water nymphs (Abyss:3)
  5 guardian serpents
  2 torpor snails (shapeshifter)
  An eye of devastation (Lair:6)
  An orange demon (Depths:4)
  Psyche (D:8)
  2 gargoyles
  19 spiny frogs
  A hellion (Depths:3)
  A smoke demon (Depths:4)
  3 rime drakes
  A spark wasp simulacrum (Depths:3)
  7 komodo dragons
  12 ice devils
  66 yaktaurs
  11 freezing wraiths
  2 golden dragon simulacra (IceCv)
  A polar bear (Lair:3)
  A harpy zombie (D:14)
  3 tengu conjurers
  11 trolls
  32 slime creatures
  4 giant leeches
  A polar bear (shapeshifter) (Vaults:4)
  A jumping spider (Depths:1)
  A shadow dragon simulacrum (Depths:1)
  34 two-headed ogres
  23 blink frogs
  5 bog bodies
  A fire dragon zombie (Depths:1)
  A hornet zombie (D:15)
  A spriggan zombie (Depths:1)
  A slime creature (shapeshifter) (Depths:2)
  7 boulder beetles
  A fire giant simulacrum (Vaults:4)
  9 redbacks
  An ettin skeleton (Vaults:2)
  A dire elephant simulacrum (IceCv)
  A centaur simulacrum (D:15)
  A spriggan (shapeshifter) (Vaults:2)
  4 shadows
  12 water elementals
  2 air elementals (Depths:3)
  35 yaks
  Sigmund (D:6)
  A vampire (D:12)
  5 spriggans
  A hog (Lair:8)
  5 wraiths
  An elf zombie (Depths:3)
  A wyvern (D:8)
  Eustachio (D:4)
  31 vampire mosquitoes
  A basilisk (shapeshifter) (Vaults:1)
  A neqoxec (Abyss:3)
  10 hippogriffs
  2 hungry ghosts
  2 swamp worm simulacra (Swamp:4)
  2 chaos spawn
  6 basilisks
  Menkaure (D:6)
  14 swamp worms
  8 wargs
  2 mottled dragons
  60 nagas
  6 harpy simulacra (IceCv)
  2 insubstantial wisps (Swamp:4)
  Duvessa (D:6)
  14 hydra simulacra
  14 water moccasins
  2 giant eyeballs
  A giant eyeball (shapeshifter) (Depths:4)
  13 porcupines
  A sky beast (D:15)
  5 swamp drakes
  An ice beast (D:6)
  2 slaves (D:8)
  A human zombie (Vaults:2)
  62 orc warriors
  10 wasps
  3 eyes of draining
  A necrophage (D:14)
  2 black bears
  An eye of draining (shapeshifter) (D:14)
  4 phantoms
  3 boggarts (Vaults:1)
  23 centaurs
  39 wolves
  75 ogres
  17 crocodiles
  2 big kobolds (D:13)
  Blork the orc (D:4)
  20 giant frogs
  A gnoll sergeant (Orc:1)
  Dowan (D:6)
  A small abomination (Abyss:3)
  9 scorpions
  8 wights
  14 killer bees
  A boulder beetle zombie (Vaults:2)
  3 howler monkeys (D:11)
  3 electric eels (Snake:1)
  5 crimson imps
  4 centaur zombies
  A giant frog zombie (D:6)
  6 hounds
  3 quasits
  A starcursed mass (Abyss:3)
  3 giant frog skeletons
  36 orc priests
  4 jellies
  A gnoll shaman (D:4)
  5 centaur skeletons
  7 iguanas
  11 worker ants
  34 orc wizards
  A killer bee zombie (D:6)
  15 sheep
  2 hound zombies
  2 hound skeletons
  2 worker ant zombies (D:6)
  21 gnolls
  A howler monkey skeleton (D:7)
  14 adders
  45 river rats
  3 shadow imps
  A white imp (D:8)
  An ooze (D:3)
  6 swamp drake simulacra (Swamp:4)
  3 adder skeletons
  An adder zombie (D:6)
  2 worms (D:3)
  2 dart slugs
  4 giant geckos
  145 orcs
  15 giant cockroaches
  5 goblins
  9 hobgoblins
  9 jackals
  18 kobolds
  7 quokkas
  8 ball pythons
  5 bats
  A giant gecko skeleton (D:6)
  A giant gecko zombie (D:6)
  4 giant newts
  A goblin skeleton (D:7)
  2 goblin zombies (D:7)
  4 hobgoblin zombies (D:7)
  A jackal skeleton (D:4)
  2 kobold skeletons (D:7)
  2 kobold zombies (D:7)
  An orc skeleton (D:7)
  7 rats
  9 fungi
  12 plants
  A spectral weapon (Snake:3)
2218 creatures vanquished.

Vanquished Creatures (collateral kills)
  An ancient lich (Vaults:5)
  A curse toe (Zot:4)
  An iron giant (Depths:3)
  A tentacled monstrosity (Vaults:5)
  Asterion (Snake:3)
  A sphinx (Vaults:5)
  Kirke (Lair:7)
  2 shadow dragons
  2 tengu reavers (Vaults:5)
  A fire giant (Depths:3)
  5 vault wardens
  A greater naga (Snake:4)
  2 frost giants
  2 ironheart preservers
  A war gargoyle (Vaults:5)
  A stone giant (Vaults:5)
  A vampire knight (Depths:4)
  A deep elf demonologist (Vaults:2)
  A salamander stormcaller (Vaults:5)
  A mottled draconian (Zot:4)
  A black draconian (Zot:3)
  A spark wasp (Depths:3)
  2 ettins
  A fire dragon (Depths:4)
  A naga warrior (Snake:4)
  A rakshasa (Abyss:3)
  A catoblepas (Lair:8)
  A centaur warrior (Vaults:4)
  6 death yaks (Lair:8)
  A deep troll shaman (Lair:8)
  A death knight (Vaults:4)
  A naga sharpshooter (Snake:4)
  4 deep elf knights
  A fire crab (shapeshifter) (Vaults:3)
  2 skeletal warriors (Vaults:1)
  A shambling mangrove (Abyss:3)
  2 deep elf archers (Vaults:3)
  A deep troll (Vaults:3)
  2 orc knights
  An ironbrand convoker (Vaults:2)
  A deep elf mage (Vaults:3)
  A cyclops (Vaults:1)
  A griffon (Vaults:1)
  3 salamanders (Snake:4)
  A vault sentinel (Vaults:5)
  2 naga magi (Snake:4)
  A yaktaur (Vaults:3)
  A freezing wraith (Vaults:4)
  A troll (D:15)
  2 spriggans (Swamp:4)
  A vampire (D:15)
  2 hogs (Lair:7)
  2 insubstantial wisps (Swamp:4)
  A hydra simulacrum (Swamp:4)
  4 nagas (Snake:4)
  5 orc warriors
  A wasp (Abyss:3)
  A wolf (Depths:4)
  An orc priest (Orc:2)
  2 orcs (Vaults:1)
94 creatures vanquished.

Vanquished Creatures (others)
  A lich (Depths:2)
  A fire giant (Depths:2)
  A draconian zealot (Zot:2)
  A draconian caller (Depths:5)
  A vampire knight (Depths:5)
  A deep elf high priest (Vaults:5)
  A shadow wraith (Vaults:5)
  Maurice (D:8)
  2 slaves (D:8)
  A blink frog (Lair:5)
  3 humans (Lair:8)
  An eye of draining (shapeshifter) (Depths:3)
  A giant frog (Lair:6)
  An orc wizard (Vaults:5)
  A worker ant (D:8)
  An orc (D:12)
  14 fungi
  11 plants
  2 starspawn tentacles (Abyss:3)
46 creatures vanquished.

Grand Total: 2358 creatures vanquished

Notes
Turn   | Place    | Note
--------------------------------------------------------------
     0 | D:1      | TheStormblessed the Minotaur Berserker began the quest for the Orb.
     0 | D:1      | Reached XP level 1. HP: 19/19 MP: 0/0
    50 | D:1      | Identified a +2 pair of boots of running (You found it on level 1 of the Dungeon)
   268 | D:1      | Reached XP level 2. HP: 27/27 MP: 1/1
   449 | D:1      | Reached ** piety under Trog
   631 | D:2      | Reached XP level 3. HP: 31/33 MP: 2/2
   860 | D:2      | Found a glowing golden altar of the Shining One.
   878 | D:2      | Found a shadowy altar of Dithmenos.
  1231 | D:3      | Reached XP level 4. HP: 39/41 MP: 3/3
  1346 | D:3      | Reached skill level 5 in Fighting
  1346 | D:3      | Reached XP level 5. HP: 48/48 MP: 4/4
  1350 | D:3      | Reached *** piety under Trog
  1576 | D:3      | Reached skill level 5 in Maces & Flails
  2208 | D:4      | Noticed an ogre
  2230 | D:4      | Killed an ogre
  2230 | D:4      | Reached XP level 6. HP: 56/56 MP: 5/5
  2290 | D:4      | Noticed Blork the orc
  2303 | D:4      | Killed Blork the orc
  2552 | D:4      | Noticed Eustachio
  2575 | D:4      | Killed Eustachio
  2575 | D:4      | Reached XP level 7. HP: 54/63 MP: 6/6
  2602 | D:4      | Found an oddly glowing altar of Pakellas.
  2680 | D:4      | Reached skill level 5 in Armour
  2862 | D:4      | Reached **** piety under Trog
  3270 | D:5      | Entered Level 5 of the Dungeon
  3347 | D:5      | Reached skill level 5 in Dodging
  3515 | D:5      | Found an ancient bone altar of Kikubaaqudgha.
  3819 | D:6      | Noticed Duvessa
  3819 | D:6      | Noticed Dowan
  3839 | D:5      | Reached XP level 8. HP: 70/71 MP: 7/7
  3848 | D:6      | Killed Duvessa
  3853 | D:6      | Killed Dowan
  3934 | D:6      | Noticed Menkaure
  4228 | D:6      | Killed Menkaure
  4333 | D:6      | Reached XP level 9. HP: 61/81 MP: 8/8
  4629 | D:6      | Got a pair of encrusted boots
  4820 | D:6      | Reached skill level 1 in Axes
  4890 | D:6      | Identified the cursed +0 pair of boots "Ocheuwaazi" {rC+ rN++ Str-2 Slay+3} (You found it on level 6 of the Dungeon)
  4943 | D:6      | Noticed Sigmund
  4947 | D:6      | Killed Sigmund
  4947 | D:6      | Reached ***** piety under Trog
  5113 | D:6      | Found a staircase to the Ecumenical Temple.
  5231 | D:7      | Found a shimmering altar of Xom.
  5275 | D:7      | Found a glowing golden altar of the Shining One.
  6065 | D:8      | Found a radiant altar of Vehumet.
  6173 | D:8      | Noticed Pikel
  6183 | D:8      | Killed Pikel
  6183 | D:8      | Reached XP level 10. HP: 91/91 MP: 9/9
  6227 | D:8      | Killed Maurice
  6416 | D:8      | Noticed Erica
  6431 | D:8      | Killed Erica
  6431 | D:8      | Reached skill level 10 in Fighting
  6639 | D:8      | Noticed Psyche
  6646 | D:8      | Killed Psyche
  6646 | D:8      | Reached skill level 5 in Axes
  6669 | D:8      | Found a staircase to the Lair.
  6669 | D:8      | Noticed an elephant
  6697 | D:8      | Killed an elephant
  7180 | D:8      | Found a white marble altar of Elyvilon.
  7342 | Lair:1   | Entered Level 1 of the Lair of Beasts
  7517 | Lair:1   | Received a gift from Trog
  7519 | Lair:1   | Reached skill level 10 in Armour
  7537 | Lair:1   | Noticed a black mamba
  7541 | Lair:1   | Killed a black mamba
  7541 | Lair:1   | Reached XP level 11. HP: 86/101 MP: 10/10
  7913 | Lair:1   | Found a labyrinth entrance.
  7981 | Lair:1   | Found a shimmering altar of Xom.
  7984 | Lair:1   | Noticed an oklob plant
  8133 | Lair:1   | Noticed a five-headed hydra
  8144 | Lair:1   | Killed a five-headed hydra
  8144 | Lair:1   | Reached skill level 10 in Dodging
  9175 | Lair:2   | Received a gift from Trog
  9295 | Lair:2   | Noticed an eight-headed hydra
  9305 | Lair:2   | Killed an eight-headed hydra
 10335 | Lair:3   | Reached XP level 12. HP: 112/112 MP: 11/11
 10417 | Lair:3   | Noticed a six-headed hydra
 10652 | Lair:3   | Killed a six-headed hydra
 11843 | Lair:4   | Noticed a four-headed hydra
 11850 | Lair:4   | Killed a four-headed hydra
 11998 | Lair:5   | Found a sacrificial altar of Ru.
 12009 | Lair:5   | Reached skill level 10 in Axes
 12180 | Lair:5   | Reached ****** piety under Trog
 12640 | Lair:5   | Received a gift from Trog
 12837 | Lair:5   | Noticed a catoblepas
 12853 | Lair:5   | Reached skill level 1 in Shields
 12856 | Lair:5   | Killed a catoblepas
 13025 | Lair:6   | Found a staircase to the Slime Pits.
 13259 | Lair:6   | Found a staircase to the Snake Pit.
 13617 | Lair:6   | Found a staircase to the Swamp.
 13668 | Lair:6   | Reached XP level 13. HP: 122/122 MP: 12/12
 14372 | Lair:7   | Received a gift from Trog
 14475 | Lair:7   | Reached skill level 5 in Shields
 16308 | Lair:8   | Entered Level 8 of the Lair of Beasts
 16433 | Lair:8   | Noticed Snorg
 16447 | Lair:8   | Killed Snorg
 16731 | Lair:8   | Received a gift from Trog
 16737 | Lair:8   | Noticed Nessos
 16761 | Lair:8   | Noticed Kirke
 16768 | Lair:8   | Killed Nessos
 17024 | Lair:7   | Killed Kirke
 17479 | Lair:8   | Reached XP level 14. HP: 125/133 MP: 13/13
 18442 | Lair:8   | Reached skill level 1 in Evocations
 18740 | Lair:7   | Received a gift from Trog
 18943 | D:9      | Found a shattered altar of Ashenzari.
 19176 | D:9      | Noticed Selleri's ghost (novice DDHu)
 19194 | D:9      | Killed Selleri's ghost
 19926 | D:10     | Entered Level 10 of the Dungeon
 20212 | D:10     | Found a portal to a secret trove of treasure.
 20300 | D:10     | Reached skill level 15 in Fighting
 20911 | D:11     | Received a gift from Trog
 21840 | D:12     | Noticed Harold
 21848 | D:12     | Killed Harold
 21959 | D:12     | Found a staircase to the Orcish Mines.
 22127 | D:12     | Noticed Erolcha
 22131 | D:12     | Killed Erolcha
 22881 | Orc:1    | Entered Level 1 of the Orcish Mines
 22887 | Orc:1    | Noticed Spacey's ghost (journeyman HEWz)
 22898 | Orc:1    | Received a gift from Trog
 22906 | Orc:1    | Killed Spacey's ghost
 23235 | Orc:2    | Entered Level 2 of the Orcish Mines
 23252 | Orc:2    | Reached skill level 15 in Armour
 23253 | Orc:2    | Received a gift from Trog
 23322 | Orc:2    | Found a staircase to the Elven Halls.
 23563 | Orc:2    | Noticed Maud
 23603 | Orc:2    | Killed Maud
 23603 | Orc:2    | Reached XP level 15. HP: 141/141 MP: 16/16
 23698 | Orc:2    | Found a roughly hewn altar of Beogh.
 23708 | Orc:2    | Found Lalygh's Antique Weapon Shoppe.
 23708 | Orc:2    | Noticed an orc warlord
 24123 | Orc:1    | Killed an orc warlord
 24152 | Orc:1    | Found a roughly hewn altar of Beogh.
 24809 | Orc:2    | Found Xeubudio's Antique Armour Shoppe.
 24811 | Orc:2    | Found Newien's Jewellery Shoppe.
 24884 | Orc:2    | Found Lageuzat's General Store.
 24892 | Orc:2    | Bought a bread ration for 75 gold pieces
 24892 | Orc:2    | Bought a scroll of enchant armour for 112 gold pieces
 24892 | Orc:2    | Bought a scroll of teleportation for 45 gold pieces
 24924 | Orc:2    | Bought the ring "Temnuo" {Wiz +Inv Dex+4} for 681 gold pieces
 24958 | Orc:2    | Bought an uncursed ring of protection from cold for 325 gold pieces
 25505 | D:13     | Received a gift from Trog
 25512 | D:13     | Got a transparent battleaxe {god gift}
 25518 | D:13     | Identified the +1 battleaxe of Forgiveness {elec, Str+2} (Trog gifted it to you on level 13 of the Dungeon)
 25536 | D:13     | Noticed Frances
 25547 | D:13     | Killed Frances
 26076 | D:13     | Found a gate to the Vaults.
 26263 | D:14     | Found Kaecw's Distillery.
 26275 | D:14     | Bought a potion of lignification for 33 gold pieces
 26275 | D:14     | Bought a potion of heal wounds for 55 gold pieces
 26275 | D:14     | Bought a potion of haste for 110 gold pieces
 26393 | D:14     | Noticed Sonja
 26401 | D:14     | Killed Sonja
 26427 | D:14     | Found a blossoming altar of Fedhas.
 27393 | D:15     | Entered Level 15 of the Dungeon
 27953 | D:15     | Received a gift from Trog
 27956 | D:15     | Found a shadowy altar of Dithmenos.
 28795 | D:15     | Found a staircase to the Depths.
 28819 | D:15     | Gained mutation: You are partially covered in thin metallic scales (AC +2). [potion of beneficial mutation]
 28821 | D:15     | Identified a scroll of acquirement
 29116 | Swamp:1  | Entered Level 1 of the Swamp
 29454 | Swamp:1  | Reached XP level 16. HP: 152/152 MP: 17/17
 29681 | Swamp:1  | Found a frozen archway.
 29696 | IceCv    | Entered an ice cave
 30181 | IceCv    | Noticed an Ice Fiend
 30188 | IceCv    | Killed an Ice Fiend
 30188 | IceCv    | Reached skill level 15 in Dodging
 30523 | Swamp:1  | Identified Yzeixziv's Compendium of the Quantum Mountains
 30618 | Swamp:2  | Noticed a thorn hunter
 30634 | Swamp:2  | Killed a thorn hunter
 30934 | Swamp:2  | Noticed a tentacled monstrosity
 30948 | Swamp:2  | Killed a tentacled monstrosity
 31249 | Swamp:2  | Reached skill level 10 in Shields
 31283 | Swamp:2  | Received a gift from Trog
 31914 | Swamp:3  | Noticed a thorn hunter
 31936 | Swamp:3  | Killed a thorn hunter
 32568 | Swamp:4  | Entered Level 4 of the Swamp
 34356 | Swamp:4  | Got a decaying rune of Zot
 36110 | Snake:1  | Entered Level 1 of the Snake Pit
 36171 | Snake:1  | Got a smoking pewter ring
 36173 | Snake:1  | Identified the ring "Giaphyci" {*Tele rElec} (You found it on level 1 of the Snake Pit)
 36866 | Snake:1  | Received a gift from Trog
 36906 | Snake:1  | Reached XP level 17. HP: 159/162 MP: 6/18
 37115 | Snake:1  | Got a shimmering large shield
 37127 | Snake:1  | Identified the +3 large shield of the Echidna {MR- Int+7} (You found it on level 1 of the Snake Pit)
 37969 | Snake:2  | Found a sparkling altar of Nemelex Xobeh.
 39187 | Snake:3  | Received a gift from Trog
 39642 | Snake:3  | Noticed Asterion
 39701 | Snake:3  | Killed Asterion
 40101 | Snake:3  | Found Pesicke's Magic Scroll Shop.
 40123 | Snake:3  | Bought a scroll of brand weapon for 280 gold pieces
 40123 | Snake:3  | Bought a scroll of enchant weapon for 105 gold pieces
 40123 | Snake:3  | Bought a scroll of enchant weapon for 105 gold pieces
 40334 | Snake:4  | Entered Level 4 of the Snake Pit
 40839 | Snake:4  | Received a gift from Trog
 42731 | Snake:4  | Got a serpentine rune of Zot
 42769 | Snake:4  | Reached XP level 18. HP: 150/173 MP: 19/19
 42779 | Snake:4  | Received a gift from Trog
 43751 | Vaults:1 | Entered Level 1 of the Vaults
 44389 | Vaults:1 | Received a gift from Trog
 45759 | Vaults:1 | Found Weophahi's Magic Scroll Shop.
 45766 | Vaults:1 | Bought a scroll of enchant weapon for 105 gold pieces
 46583 | Vaults:2 | Found a staircase to the Crypt.
 46669 | Vaults:2 | Noticed an Ice Fiend
 46717 | Vaults:2 | Reached XP level 19. HP: 130/183 MP: 20/20
 47003 | Vaults:2 | Noticed Saint Roka
 47052 | Vaults:2 | Killed Saint Roka
 47052 | Vaults:2 | Received a gift from Trog
 47087 | Vaults:2 | Got an iridescent war axe {god gift}
 47245 | Vaults:2 | Identified the +10 war axe "Mipen" {chop, rPois Dex+2} (Trog gifted it to you on level 2 of the Vaults)
 47929 | Vaults:2 | Reached skill level 15 in Shields
 49088 | Vaults:3 | Received a gift from Trog
 50264 | Vaults:3 | Reached XP level 20. HP: 195/195 MP: 21/21
 50608 | Vaults:4 | Received a gift from Trog
 51375 | Vaults:4 | Paralysed by an ogre mage for 6 turns
 51401 | Vaults:4 | Noticed Mara
 51415 | Vaults:4 | Found Gozag's Assorted Antiques.
 51416 | Vaults:4 | Received a gift from Trog
 51421 | Vaults:4 | Noticed TheStormblessed's illusion
 51429 | Vaults:4 | Killed Mara
 51705 | Vaults:4 | Found an opulent altar of Gozag.
 51708 | Vaults:4 | Bought a blackened garnet ring for 500 gold pieces
 51714 | Vaults:4 | Found Gozag's Antique Armour Boutique.
 51717 | Vaults:4 | Found Gozag's Assorted Antiques.
 52015 | Vaults:4 | Bought a potion of heal wounds for 500 gold pieces
 52015 | Vaults:4 | Bought 2 potions of might for 800 gold pieces
 52015 | Vaults:4 | Bought an agate ring for 500 gold pieces
 52554 | Vaults:4 | Received a gift from Trog
 52584 | Vaults:4 | Paralysed by an orc sorcerer for 5 turns
 53103 | Depths:1 | Entered Level 1 of the Depths
 53695 | D:15     | Reached XP level 21. HP: 134/204 MP: 22/22
 53886 | Depths:1 | Received a gift from Trog
 54015 | Depths:1 | Found a one-way gate to the infinite horrors of the Abyss.
 54444 | Depths:1 | Found a gateway to Hell.
 55947 | Depths:2 | Found Fakh's Assorted Antiques.
 55995 | Depths:2 | Bought 2 potions of heal wounds for 370 gold pieces
 56062 | Depths:2 | Found a gateway to a ziggurat.
 56422 | Depths:2 | Received a gift from Trog
 56979 | Depths:2 | Got a wavering graven amulet
 56989 | Depths:2 | Identified the amulet of Soesteur {Spirit rElec rC- Str+3 Int+6} (You took it off a tengu conjurer on level 2 of the Depths)
 57951 | Depths:3 | Found a flickering gateway to a bazaar.
 58120 | Depths:3 | Noticed an iron giant
 58139 | Depths:3 | Killed an iron giant
 58215 | Depths:3 | Received a gift from Trog
 58349 | Depths:3 | Noticed Louise
 58350 | Depths:3 | Cast into level 3 of the Abyss (Louise)
 58428 | Abyss:3  | Found a corrupted altar of Lugonu.
 58742 | Depths:3 | Escaped the Abyss
 58757 | Depths:3 | Killed Louise
 59050 | Depths:3 | Reached XP level 22. HP: 176/215 MP: 23/23
 59342 | Depths:3 | Found a one-way gate leading to the halls of Pandemonium.
 59860 | Depths:4 | Found Xenibru's Food Shop.
 60061 | Depths:4 | Found Begre's Gadget Shop.
 60345 | Depths:4 | Found Duxteapp's Antique Armour Shop.
 60524 | Depths:4 | Bought a faintly humming plate armour for 1232 gold pieces
 60544 | Depths:4 | Identified the +6 plate armour of the Cuttlefish {+Inv} (You bought it in a shop on level 4 of the Depths)
 60905 | Depths:4 | Found Xammo's Gadget Shop.
 61204 | Depths:5 | Entered Level 5 of the Depths
 61204 | Depths:5 | Found Esmifa's Gadget Shoppe.
 62907 | Depths:5 | Found a gate to the Realm of Zot.
 62990 | Depths:5 | Received a gift from Trog
 63084 | Depths:5 | Noticed the Enchantress
 63511 | Depths:5 | Killed the Enchantress
 64264 | Vaults:5 | Entered Level 5 of the Vaults
 64711 | Vaults:4 | Reached XP level 23. HP: 217/226 MP: 24/24
 65891 | Vaults:5 | Noticed an ancient lich
 65931 | Vaults:5 | Killed an ancient lich
 65970 | Vaults:5 | Received a gift from Trog
 66411 | Vaults:5 | Got a silver rune of Zot
 66565 | Vaults:5 | Received a gift from Trog
 67159 | Vaults:5 | Found Fimpoqu's Antique Armour Emporium.
 67173 | Vaults:5 | Bought a pair of glowing gloves for 198 gold pieces
 67266 | Vaults:5 | Received a gift from Trog
 67587 | Vaults:5 | Got a pair of twisted boots
 67639 | Vaults:5 | Identified the +2 pair of boots of the Duke {*Drain rPois MR+ Int+4} (You found it on level 5 of the Vaults)
 69634 | Zot:1    | Entered Level 1 of the Realm of Zot
 69817 | Zot:1    | Reached XP level 24. HP: 69/238 MP: 24/24
 71245 | Zot:3    | HP: 17/358 [iron troll[the player character] (12)]
 71760 | Zot:5    | Entered Level 5 of the Realm of Zot
 72202 | Zot:5    | Noticed an ancient lich
 72813 | Zot:4    | Killed an ancient lich
 73254 | Zot:5    | Noticed an orb of fire
 73265 | Zot:4    | Received a gift from Trog
 73388 | Zot:5    | Gained mutation: You are dopey. (Int -2) [an orb of fire]
 73394 | Zot:4    | Gained mutation: You are frail (-10% HP). [an orb of fire]
 73396 | Zot:4    | Gained mutation: You are clumsy. (Dex -2) [an orb of fire]
 73409 | Zot:4    | Gained mutation: Armour fits poorly on your strangely shaped body. [an orb of fire]
 73421 | Zot:4    | Mangled by an Orb Guardian

Skill      XL: |  1  2  3  4  5  6  7  8  9 10 11 12 13 14 15 16 17 18 19 20 21 22 23 24 |
---------------+-------------------------------------------------------------------------+-----
Fighting       | 4 5 6 8 9 10 12 13 14 15 16 17 18 19 20 21 22 23 24 | 24.9
Maces & Flails | 4 5 6 8 |  8.6
Armour         | 3 4 5 7 8 10 11 12 14 15 16 17 18 19 20 21 22 23 24 | 24.7
Dodging        | 3 4 5 6 8 9 11 12 13 14 15 16 17 18 19 20 21 22 23 | 23.2
Axes           | 3 6 9 11 12 13 14 | 14.9
Shields        | 3 5 6 9 11 13 14 15 17 18 19 20 | 20.2
Evocations     | 3 |  3.2

Action                   |  1- 3 |  4- 6 |  7- 9 | 10-12 | 13-15 | 16-18 | 19-21 | 22-24 || total
-------------------------+-------+-------+-------+-------+-------+-------+-------+-------++-------
Melee: Mace              |    62 |   128 |   126 |       |       |       |       |       ||   316
       Headbutt          |     9 |    25 |    70 |   106 |   377 |   672 |  1010 |   896 ||  3165
       Flail             |       |       |    75 |     7 |       |       |       |       ||    82
       War axe           |       |       |    89 |   128 |  1330 |   225 |       |       ||  1772
       Battleaxe         |       |       |       |   358 |    72 |       |       |       ||   430
       Dire flail        |       |       |       |    14 |     7 |       |       |       ||    21
       Unarmed           |       |       |       |       |     9 |       |       |       ||     9
       Demon whip        |       |       |       |       |       |  1873 |  2556 |  2196 ||  6625
Invok: Berserk           |       |     5 |     9 |    11 |    22 |    16 |     5 |     6 ||    74
       Burn Spellbooks   |       |       |     2 |     2 |     3 |     4 |     3 |     7 ||    21
       Brothers in Arms  |       |       |       |       |     9 |    15 |    11 |    17 ||    52
       Trog's Hand       |       |       |       |       |     1 |       |       |    11 ||    12
 Abil: Evoke Flight      |       |       |       |       |       |     1 |       |       ||     1
Evoke: Wand              |       |       |       |       |       |     6 |       |       ||     6
  Use: Scroll            |       |       |     3 |    19 |    15 |    24 |     8 |     7 ||    76
       Potion            |       |       |       |     1 |    13 |    11 |     4 |    31 ||    60
 Stab: Invisible         |       |       |       |     1 |     3 |       |       |       ||     4
       Petrified         |       |       |       |     3 |       |       |       |       ||     3
       Distracted        |       |       |       |       |       |     2 |     1 |     1 ||     4
  Eat: Chunk             |     1 |     8 |    14 |    29 |    62 |    15 |    41 |    14 ||   184
       Pizza             |       |       |     1 |     1 |     2 |     3 |       |     5 ||    12
       Meat ration       |       |       |     1 |       |       |       |     1 |     2 ||     4
       Fruit             |       |       |       |     2 |     2 |    22 |     4 |     5 ||    35
       Beef jerky        |       |       |       |     2 |     5 |     7 |       |     7 ||    21
       Bread ration      |       |       |       |       |       |     5 |       |     4 ||     9
       Royal jelly       |       |       |       |       |       |     1 |       |     1 ||     2
Armor: Leather armour    |    21 |       |       |       |       |       |       |       ||    21
       Plate armour      |    28 |    91 |   213 |   360 |   560 |   648 |   570 |   498 ||  2968
       Skin              |       |       |       |       |    19 |       |       |    40 ||    59
Dodge: Dodged            |    38 |    47 |   144 |   368 |   776 |   994 |  1052 |  1027 ||  4446
Block: Buckler           |       |       |       |       |   322 |   580 |       |       ||   902
       Shield            |       |       |       |       |       |    10 |  1498 |  1386 ||  2894
